 Dungeon Crawl Stone Soup version 0.29-a0-322-g68df515428 (webtiles) character file.

Game seed: 8532021800086520882

5420 Jortsu the Protected (level 10, -12/77 HPs)
             Began as a Formicid Fighter on Apr 9, 2022.
             Was a Plaything of Xom.
             Mangled by a komodo dragon (22 damage)
             ... on level 8 of the Dungeon.
             The game lasted 00:17:58 (8532 turns).

Jortsu the Protected (Formicid Fighter)             Turns: 8532, Time: 00:17:58

Health: -12/77     AC: 15    Str: 20    XL:     10   Next: 99%
Magic:  10/10      EV: 10    Int: 11    God:    Xom [...*..]
Gold:   961        SH: 10    Dex: 10    Spells: 9/9 levels left

rFire   . . .      SeeInvis +   m - +10 spear "Walacon" {freeze, rC+ Int+2}
rCold   + . .      Faith    .   c - +0 buckler
rNeg    . . .      Spirit   .   b - +0 scale mail
rPois   .          Reflect  +   (helmet unavailable)
rElec   .          Harm     .   (no cloak)
rCorr   .          Rampage  .   (no gloves)
Will    +....                   i - +1 pair of boots
Stlth   +.........              k - amulet of reflection
HPRegen 0.22/turn               v - +4 ring of protection
MPRegen 0.12/turn               (no ring)

@: cleaving
A: permanent stasis, dig shafts and tunnels, antennae 3, four strong arms,
screaming 1, shaggy fur 1, weak 2, wild magic 1
a: Dig, Shaft Self, Renounce Religion


You were on level 8 of the Dungeon.
You worshipped Xom.
You were a favourite toy of Xom.
You visited 1 branch of the dungeon, and saw 8 of its levels.

You collected 961 gold pieces.

Inventory:

Hand Weapons
 a - a +2 war axe of flaming
 m - the +10 spear "Walacon" (weapon) {freeze, rC+ Int+2}
   (You found it on level 5 of the Dungeon)

   It freezes those it strikes, dealing additional cold damage.
   It can also slow down cold-blooded creatures.
   Int:       It affects your intelligence (+2).
   rC:        It protects you from cold.
Missiles
 g - 2 throwing nets
Armour
 b - a +0 scale mail (worn)
 c - a +0 buckler (worn)
 h - an orb of mayhem
 i - a +1 pair of boots (worn)
Jewellery
 j - a ring of fire
 k - an amulet of reflection (around neck)
 n - a ring of flight
 s - an amulet of reflection
 v - a +4 ring of protection (left hand)
Wands
 u - a wand of flame (16)
 x - a wand of iceblast (7)
Scrolls
 o - a scroll of enchant armour
 r - 3 scrolls of fog
 t - 2 scrolls of fear
Potions
 d - 2 potions of might
 e - 2 potions of haste
 f - 2 potions of degeneration
 l - 3 potions of heal wounds
 p - 3 potions of curing
 w - a potion of mutation
 z - 2 potions of flight {unknown}
Miscellaneous
 q - a lightning rod (4/4)


   Skills:
 + Level 6.9 Fighting
 + Level 7.1(8.4) Axes
 + Level 6.7(8.2) Polearms
 + Level 9.0 Armour
 + Level 4.0 Dodging
 + Level 3.1 Stealth
 + Level 7.6 Shields


You had 9 spell levels left.
You didn't know any spells.
Your spell library contained the following spells:

 Spells                   Type           Power      Damage    Failure   Level
 Animate Skeleton         Necr           0%         N/A       78%         1
 Magic Dart               Conj           0%         1d3       78%         1
 Pain                     Necr           0%         1d4       78%         1
 Sandblast                Erth           0%         2d4       78%         1
 Shock                    Conj/Air       0%         1d3       78%         1
 Slow                     Hex            0%         N/A       78%         1
 Ensorcelled Hibernation  Hex/Ice        0%         N/A       88%         2
 Passwall                 Tmut/Erth      0%         N/A       88%         2
 Searing Ray              Conj           0%         2d4       88%         2
 Sublimation of Blood     Necr           0%         N/A       88%         2
 Wereblood                Tmut           0%         N/A       88%         2
 Confusing Touch          Hex            0%         N/A       98%         3
 Stone Arrow              Conj/Erth      0%         3d7       98%         3
 Vampiric Draining        Necr           0%         2d6       98%         3
 Airstrike                Air            0%         N/A       100%        4
 Animate Armour           Summ/Erth      0%         N/A       100%        4
 Fulminant Prism          Conj/Hex       0%         3d6       100%        4
 Blade Hands              Tmut           0%         N/A       100%        5
 Fireball                 Conj/Fire      0%         3d3       100%        5
 Iskenderun's Battlesphe  Conj           0%         2d6       100%        5
 Conjure Ball Lightning   Conj/Air       0%         3x3d6     100%        6
 Iron Shot                Conj/Erth      0%         9d1       100%        6
 Orb of Destruction       Conj           0%         9d5       100%        7
 Summon Hydra             Summ           0%         N/A       100%        7
 Swiftness                Air            Unusable   N/A       N/A         3

Dungeon Overview and Level Annotations

Branches:
Dungeon (8/15)             Temple (0/1) D:7            Lair (0/6) D:8

Altars:
Kikubaaqudgha
Xom

Shops:
D:2 [   D:7 ?   D:8 :

Annotations:
D:6 2 transporters, nuaici's ghost, novice MiFi
D:8 Gastronok


Innate Abilities, Weirdness & Mutations

You cannot be hasted, slowed, berserked, paralysed or teleported.
You can dig through walls and to a lower floor.
You have a pair of large antennae on your head. (SInv)
Your four strong arms can wield two-handed weapons with a shield.
You occasionally shout uncontrollably at your foes.
You are covered in fur. (AC +1)
You are very weak. (Str -4)
Your spells are a little harder to cast, but a little more powerful.


Message History

You swap places.
Gastronok waves his eye-stalks in wide circles.
The air twists around and strikes you!
Gastronok completely misses your butterfly.
Gastronok casts a spell.
Gastronok puts on a burst of speed!
The komodo dragon completely misses your butterfly.
Xom grants you a minor favour.
You feel much better.
The komodo dragon misses your butterfly.
The komodo dragon closely misses your butterfly.
Gastronok waves his eye-stalks in wide circles.
The air twists around and strikes you!
The komodo dragon completely misses your butterfly.
The komodo dragon bites your butterfly.
Your butterfly dies!
Your butterfly disappears in a puff of smoke!
Gastronok gurgles, "A snack!
A snack!"
Xom smiles on you.
The +10 spear "Walacon" {freeze, rC+ Int+2} looks sharp.
The komodo dragon bites you!
You barely miss the komodo dragon. The komodo dragon bites you!!
You hit the komodo dragon.
The komodo dragon seems to slow down.
You freeze the komodo dragon.
The komodo dragon is lightly wounded.
Gastronok gurgles, "Slow down, so I can eat you."
You block the komodo dragon's attack.
You puncture the komodo dragon! You freeze the komodo dragon.
The komodo dragon is moderately wounded.
You hit the komodo dragon. You freeze the komodo dragon.
The komodo dragon is moderately wounded.
The komodo dragon bites you!!
* * * LOW HITPOINT WARNING * * *
You hit the komodo dragon. You freeze the komodo dragon.
The komodo dragon is heavily wounded.
You completely miss the komodo dragon.
The komodo dragon is heavily wounded.
The komodo dragon bites you!!
You die...
Xom snickers! #.#######. #..# #####........ #..## ..P.. #..†........# #...
PPP..

#.#.#.#####.## #..# .P...
#†#.#.# ##.#.#######..# ..h..
#.#.#.###.###.....##..###.......
#.#.#......#..hw#..............P
#.#.#######.###l####.######.§PPP
#.#.# ...b{#@# #..l†§{{{.PPP
#.#.# #.#.#.#b# #.######§l...
#.# #.#..{b.# #.#


.Pl.P #.# .....#b######.# ....P #.# ##. ... #.....# ..... #.# #.## #.##### .....
#># #. #.# ###.. #.# # ##.# ## #.#########. .#.# You could see Gastronok
(swift), a komodo dragon (slow) and a black bear.

Vanquished Creatures
  A two-headed ogre (D:8)
  An unseen horror (D:6)
  Prince Ribbit (D:5)
  A dream sheep (shapeshifter) (D:3)
  A wyvern (D:8)
  Grum (D:8)
  A yak (D:8)
  A steam dragon (D:7)
  5 water moccasins
  3 sky beasts
  An ice beast (D:8)
  2 black bears (D:8)
  2 wolves (D:8)
  2 centaurs
  A kobold brigand (D:7)
  3 bullfrogs (D:8)
  10 killer bees
  4 orc priests
  2 jellies (D:6)
  6 hounds
  Natasha (D:4)
  6 orc wizards
  8 gnolls
  5 adders
  2 shadow imps
  2 ufetubi
  2 worms
  4 dart slugs
  16 orcs
  A bat (D:1)
  5 endoplasms
  7 giant cockroaches
  6 goblins
  5 hobgoblins
  4 jackals
  3 quokkas (D:3)
  2 ball pythons (D:4)
  A frilled lizard (D:1)
  3 kobolds
  4 rats
136 creatures vanquished.

Vanquished Creatures (collateral kills)
  Pikel (D:4)
  A black bear (D:4)
  A sky beast (D:6)
  An ogre (D:4)
  A necrophage (D:3)
  A scorpion (D:4)
  Natasha (D:4)
  5 orcs
  A hobgoblin (D:4)
13 creatures vanquished.

Vanquished Creatures (others)
  A kobold (D:7)
  39 fungi (D:8)
  28 plants
68 creatures vanquished.

Grand Total: 217 creatures vanquished

Notes
Turn   | Place    | Note
-------+----------+-------------------------------------------
     0 | D:1      | Jortsu the Formicid Fighter began the quest for the Orb.
     0 | D:1      | Reached XP level 1. HP: 18/18 MP: 1/1
   200 | D:1      | Reached XP level 2. HP: 24/24 MP: 2/2
  1093 | D:1      | Reached XP level 3. HP: 29/29 MP: 3/3
  1171 | D:1      | Found a faded altar of an unknown god.
  1175 | D:1      | Prayed at the altar of an unknown god.
  1175 | D:1      | Became a worshipper of Xom of Chaos
  1517 | D:1      | XOM: polymorph goblin -> jackal
  1950 | D:2      | XOM: god gift: book of the Spheres
  2300 | D:2      | Found Jept's Antique Armour Boutique.
  2368 | D:2      | XOM: give mutations
  2368 | D:2      | Gained mutation: You are dopey. (Int -2) [Xom's mischief]
  2368 | D:2      | Gained mutation: Your body sometimes deteriorates upon
                  | taking damage. [Xom's mischief]
  2435 | D:2      | XOM: give mutation
  2435 | D:2      | Gained mutation: You have sharp fingernails. [Xom's grace]
  2499 | D:2      | XOM is BORED!
  2695 | D:3      | Noticed a necrophage
  2698 | D:3      | XOM: summons 3 friendly demons
  2703 | D:3      | Killed a necrophage
  2704 | D:3      | Reached skill level 4 in Armour
  2704 | D:3      | Reached XP level 4. HP: 36/37 MP: 4/4
  2704 | D:3      | Reached XP level 5. HP: 41/42 MP: 5/5
  2750 | D:3      | Lost mutation: You have sharp fingernails. [potion of
                  | mutation]
  2750 | D:3      | Lost mutation: You are dopey. (Int -2) [potion of mutation]
  2750 | D:3      | Lost mutation: Your body sometimes deteriorates upon taking
                  | damage. [potion of mutation]
  2750 | D:3      | Gained mutation: You are weak. (Str -2) [potion of
                  | mutation]
  2750 | D:3      | Gained mutation: You are agile. (Dex +2) [potion of
                  | mutation]
  2751 | D:3      | Lost mutation: You are agile. (Dex +2) [potion of mutation]
  2751 | D:3      | Lost mutation: You are weak. (Str -2) [potion of mutation]
  2751 | D:3      | Gained mutation: You are weak. (Str -2) [potion of
                  | mutation]
  2833 | D:3      | Noticed a glowing shapeshifter
  2833 | D:3      | a jackal changed into a glowing shapeshifter
  2833 | D:3      | XOM: polymorph jackal -> glowing shapeshifter
  2833 | D:3      | Noticed a swamp worm
  2833 | D:3      | a glowing shapeshifter changed into a swamp worm
  2834 | D:3      | Noticed a death drake
  2834 | D:3      | a swamp worm changed into a death drake
  2835 | D:3      | Noticed a redback
  2835 | D:3      | a death drake changed into a redback
  2838 | D:3      | Noticed a dream sheep
  2838 | D:3      | a redback changed into a dream sheep
  2840 | D:3      | Killed a dream sheep
  2841 | D:3      | Reached XP level 6. HP: 35/48 MP: 6/6
  3060 | D:3      | XOM: god gift: lightning rod (4/4)
  3234 | D:3      | XOM: scenery: create altars
  3522 | D:4      | Reached skill level 1 in Dodging
  3596 | D:4      | Noticed an ogre
  3601 | D:4      | Killed an ogre
  3602 | D:4      | Reached skill level 1 in Stealth
  3602 | D:4      | Reached XP level 7. HP: 51/54 MP: 7/7
  3641 | D:4      | Reached skill level 5 in Armour
  3661 | D:4      | Noticed Natasha
  3666 | D:4      | Killed Natasha
  3677 | D:4      | Noticed Pikel
  3678 | D:4      | Found an ancient bone altar of Kikubaaqudgha.
  3681 | D:4      | Killed Pikel
  3682 | D:4      | Reached XP level 8. HP: 59/61 MP: 8/8
  3784 | D:4      | Reached skill level 5 in Shields
  3835 | D:4      | XOM: summons friendly quasit
  3859 | D:4      | XOM: summons 5 hostile demons
  3912 | D:4      | Noticed Natasha
  3917 | D:4      | HP: 3/61 [Natasha/puff of flame (9)]
  3922 | D:4      | Killed Natasha
  3923 | D:4      | Reached skill level 6 in Armour
  4269 | D:4      | Reached skill level 5 in Fighting
  4359 | D:5      | Entered Level 5 of the Dungeon
  4413 | D:5      | Identified the +10 spear "Walacon" {freeze, rC+ Int+2}
  4520 | D:5      | XOM: confusion
  4739 | D:5      | XOM: stat loss: -1 Dex (3/10)
  4797 | D:5      | XOM: cast spell 'Leda's Liquefaction'
  4799 | D:5      | Reached skill level 1 in Polearms
  4799 | D:5      | Reached XP level 9. HP: 33/68 MP: 9/9
  4801 | D:5      | XOM: summons 3 hostile demons
  5093 | D:5      | Noticed Prince Ribbit
  5093 | D:5      | XOM: destruction
  5124 | D:5      | Killed Prince Ribbit
  5171 | D:5      | XOM is BORED!
  5171 | D:5      | XOM: stat loss: -1 Str (21/22)
  5332 | D:5      | XOM: god gift: 31 stones
  5457 | D:5      | XOM is BORED!
  5457 | D:5      | XOM: give mutations
  5457 | D:5      | Gained mutation: You sometimes lose the ability to read
                  | scrolls when taking damage. [Xom's mischief]
  5457 | D:5      | Gained mutation: You occasionally shout uncontrollably at
                  | your foes. [Xom's mischief]
  5500 | D:5      | XOM: give mutations
  5500 | D:5      | Gained mutation: Your spells are a little harder to cast,
                  | but a little more powerful. [Xom's grace]
  5500 | D:5      | Gained mutation: You are partially covered in iridescent
                  | scales. (AC +2) [Xom's grace]
  5500 | D:5      | Gained mutation: You are covered in fur. (AC +1) [Xom's
                  | grace]
  5760 | D:5      | XOM: give mutations
  5760 | D:5      | Lost mutation: You sometimes lose the ability to read
                  | scrolls when taking damage. [Xom's mischief]
  5760 | D:5      | Gained mutation: You are very weak. (Str -4) [Xom's
                  | mischief]
  5760 | D:5      | Lost mutation: You are partially covered in iridescent
                  | scales. (AC +2) [Xom's mischief]
  5942 | D:6      | XOM: enchant monster (good)
  5951 | D:6      | Reached skill level 7 in Armour
  6080 | D:6      | Noticed an unseen horror
  6082 | D:6      | XOM: summons friendly white imp
  6094 | D:6      | XOM: enchant monster (bad)
  6098 | D:6      | XOM: summons 2 friendly demons
  6099 | D:6      | Killed an unseen horror
  6106 | D:6      | HP: 3/68 [orc/+0 flail (5)]
  6596 | D:6      | XOM: blink monster(s)
  6732 | D:6      | XOM: polymorph adder -> rat
  6771 | D:6      | Noticed a queen bee
  6802 | D:6      | Found a transporter.
  6806 | D:6      | Found a transporter.
  6817 | D:6      | Noticed nuaici's ghost (novice MiFi)
  7037 | D:7      | XOM: silly message
  7059 | D:7      | Found a staircase to the Ecumenical Temple.
  7074 | D:7      | Found Kocoteuf's Magic Scroll Shoppe.
  7123 | D:7      | Reached skill level 8 in Armour
  7123 | D:7      | Reached XP level 10. HP: 72/76 MP: 10/10
  7137 | D:7      | XOM: noise
  7550 | D:7      | Reached skill level 5 in Polearms
  7875 | D:8      | Noticed Grum
  7883 | D:8      | XOM: summons 2 friendly demons
  7890 | D:8      | Killed Grum
  8029 | D:8      | Found Ympid's Book Shoppe.
  8123 | D:8      | XOM: god gift: 561 gold pieces
  8167 | D:8      | Noticed a two-headed ogre
  8169 | D:8      | XOM: scenery: summon butterflies
  8179 | D:8      | XOM: confuse monster(s)
  8193 | D:8      | Killed a two-headed ogre
  8323 | D:8      | XOM: cleaving
  8423 | D:8      | Found a staircase to the Lair.
  8468 | D:8      | Noticed Gastronok
  8470 | D:8      | XOM: fog
  8482 | D:8      | Reached skill level 9 in Armour
  8485 | D:8      | Noticed a komodo dragon
  8514 | D:8      | XOM: scenery: summon butterflies
  8522 | D:8      | XOM: potion effect (heal wounds)
  8526 | D:8      | XOM: cleaving
  8532 | D:8      | Mangled by a komodo dragon

Illustrated notes

Levels and vault maps discovered:
D:1:      minmay_arrival_four_circles, layout_basic,
          ebering_ecumenical_altar_webs, serial_bayou_lake_a
D:2:      layout_basic, serial_shops, nicolae_shop_trees
D:3:      layout_basic, grunt_ministairs_4
D:4:      layout_rooms, kiku_gazebo_pond_becter, kennysheep_generic_room_6,
          uniq_natasha, uniq_pikel
D:5:      layout_loops_ring, uniq_prince_ribbit1
D:6:      layout_rooms, gammafunk_ghost_hive
D:7:      layout_loops_ring, minmay_temple_entry_metal_lava, serial_shops, shop
D:8:      layout_loops_ring, due_lair_maze_entry_diamond, serial_shops, shop,
          minmay_crystal_water, uniq_gastronok, uniq_grum, uniq_maurice

Skill      XL: |  1  2  3  4  5  6  7  8  9 10 |
---------------+-------------------------------+-----
Shields        | 4 5 7 |  7.6
Axes           | 3 4 6 7 |  7.1
Armour         | 4 5 6 8 9 |  9.0
Fighting       | 4 5 6 |  6.9
Dodging        | 1 2 3 4 |  4.0
Stealth        | 1 2 3 |  3.1
Polearms       | 1 4 6 |  6.7

Action                   |  1- 3 |  4- 6 |  7- 9 | 10-12 || total
-------------------------+-------+-------+-------+-------++-------
Melee: War axe           |    86 |    57 |    77 |       ||   220
       Spear             |       |       |   155 |   135 ||   290
 Abil: Dig               |     1 |       |       |       ||     1
  Use: Scroll            |     7 |     4 |     5 |     2 ||    18
       Potion            |       |     2 |     1 |       ||     3
 Stab: Confused          |       |       |       |     1 ||     1
Armor: Scale mail        |    52 |    20 |   173 |    34 ||   279
Dodge: Dodged            |    56 |    34 |   171 |    47 ||   308
Block: Buckler           |    23 |    10 |    64 |    61 ||   158
       Reflection        |       |       |       |     8 ||     8

Table legend: (Time is in decaauts)
 A = Elapsed time spent in this place.
 B = Non-inter-level travel time spent in this place.
 C = Inter-level travel time spent in this place.
 D = Time resting spent in this place.
 E = Time spent auto-exploring this place.
 F = Levels seen in this place.
 G = Mean time per level.
                   A        B        C        D        E       F      G
               +--------+--------+--------+--------+--------+-----+--------+
         Total |   8567 |   8338 |    229 |   1186 |   5519 |   8 | 1070.9 |
       Dungeon |   8567 |   8338 |    229 |   1186 |   5519 |   8 | 1070.9 |
               +--------+--------+--------+--------+--------+-----+--------+

Top non-repeatable levels by time:
     D:5: 1863 daAuts
     D:1: 1602 daAuts
     D:2: 1047 daAuts
     D:3: 925 daAuts
     D:7: 892 daAuts
     D:4: 870 daAuts
     D:6: 736 daAuts
     D:8: 629 daAuts
